 Dungeon Crawl Stone Soup version 0.27.1-37-g7b29ead8ac (webtiles) character file.

Game seed: 11663325305082143793

76 Jingleheimer the Ducker (level 4, -1/22 HPs)
             Began as a Felid Berserker on Apr 10, 2024.
             Was a Priest of Trog.
             Slain by Grinder (4 damage)
             ... while paralysed by Grinder
             ... on level 3 of the Dungeon.
             The game lasted 00:01:41 (2423 turns).

Jingleheimer the Ducker (Felid Berserker)           Turns: 2423, Time: 00:01:42

Health: -1/22      AC:  1    Str: 14    XL:     4   Next: 12%
Magic:  5/5        EV:  4    Int:  8    God:    Trog [***...]
Gold:   112        SH:  0    Dex: 15    Spells: 3/3 levels left
                                        Lives:  0   Deaths: 1

rFire    . . .     SeeInvis +     - Unarmed
rCold    . . .     Faith    .   (shield unavailable)
rNeg     . . .     Spirit   .   (armour unavailable)
rPois    .         Reflect  .   (helmet unavailable)
rElec    .         Harm     .   (cloak unavailable)
rCorr    .         Rampage  .   (gloves unavailable)
Will     .....                  (boots unavailable)
Stlth    ++........             (no amulet)
HPRegen  0.07/turn              (no ring)
MPRegen  0.09/turn              (no ring)

@: paralysed, quick
A: very small, claws 1, fangs 3, see invisible, speed 1, shaggy fur 1, stealthy
paws, no weapons or thrown items, no armour, multi-lived
a: Renounce Religion, Berserk, Trog's Hand


You were on level 3 of the Dungeon.
You worshipped Trog.
Trog was most pleased with you.
You visited 1 branch of the dungeon, and saw 3 of its levels.

You collected 112 gold pieces.

Inventory:

Jewellery
 b - a ring of ice
Scrolls
 d - a scroll of fog {unknown}
Potions
 a - a potion of cancellation {unknown}
 c - a potion of heal wounds
 e - a potion of curing {unknown}


   Skills:
 + Level 3.6 Fighting
 + Level 4.9 Dodging
 + Level 2.6 Stealth
 * Level 4.2 Unarmed Combat


You had 3 spell levels left.
You didn't know any spells.
Your spell library was empty.

Dungeon Overview and Level Annotations

Branches:
Dungeon (3/15)

Altars:
Fedhas
Nemelex Xobeh

Annotations:
D:3 Grinder


Innate Abilities, Weirdness & Mutations

You have sharp claws.
You have razor-sharp teeth.
You have supernaturally acute eyesight. (SInv)
You cover ground quickly. (Speed+)
You are covered in fur. (AC +1)
Your paws help you pounce on unaware monsters.
You are incapable of wielding weapons or throwing items.
You cannot wear armour.
You gain extra lives every three experience levels.


Message History

You scratch the centaur skeleton. You claw the centaur skeleton.
You bite the centaur skeleton.
The centaur skeleton is heavily damaged.
The centaur skeleton completely misses you.
The centaur skeleton closely misses you.
The centaur skeleton misses you.
The centaur skeleton closely misses you.
You scratch the centaur skeleton.
The centaur skeleton is severely damaged.
The centaur skeleton closely misses you.
The centaur skeleton kicks you but does no damage.
You claw the centaur skeleton!
The centaur skeleton is almost destroyed.
The centaur skeleton misses you. x2
You scratch the centaur skeleton.
You destroy the centaur skeleton!
Trog accepts your kill.
Welcome back to level 4!
No target in view!
No target in view!
No target in view!
No target in view!
e - a brown potion You now have 112 gold pieces (gained 12).
Grinder is nearby!
Grinder is nearby!
Grinder is nearby!
Grinder shouts!
You claw Grinder! You bite Grinder.
Grinder is heavily wounded.
Grinder gestures at you.
You suddenly lose the ability to move!
Grinder hits you.
You writhe in agony.
Grinder hits you.
You writhe in agony.
Grinder hits you.
* * * LOW HITPOINT WARNING * * *
You writhe in agony.
* * * LOW HITPOINT WARNING * * *
Grinder hits you.
You die...

♣.....♣..#.....###
♣.._..♣..#####.# ♣♣...♣♣..#
#.# .♣...♣...# #.# #### #
.♣♣.♣♣..## #.###...#.#
..♣♣♣...# #.##......#
...(...## ##.##..?...#
#'...### ##...#5....# .#≈≈≈#
#....@#... .#≈≈≈#
..........#.##
#'...###.............########
.......##...................#
.†♣♣♣...#..#......†..######.#
.♣♣.♣♣..##......#.#.## #.#
.♣...♣...#.........#.# #.#
♣♣...♣♣..#####.##.. ## ###.#
♣.._..♣..# # #.# #...#


You could see Grinder.

Vanquished Creatures
  A centaur skeleton (D:3)
  A gnoll (D:1)
  2 adders (D:2)
  2 worms (D:2)
  An orc (D:3)
  2 bats
  3 endoplasms
  A giant cockroach (D:1)
  6 goblins
  7 hobgoblins
  6 jackals
  8 quokkas
  A ball python (D:2)
  7 frilled lizards
  8 kobolds
  4 rats
60 creatures vanquished.

Notes
Turn   | Place    | Note
-------+----------+-------------------------------------------
     0 | D:1      | Jingleheimer the Felid Berserker began the quest for the
                  | Orb.
     0 | D:1      | Reached XP level 1. HP: 10/10 MP: 2/2
   249 | D:1      | Reached XP level 2. HP: 14/14 MP: 3/3
   260 | D:1      | Reached skill level 1 in Stealth
   922 | D:1      | Reached ** piety under Trog
   930 | D:1      | Reached XP level 3. HP: 17/17 MP: 4/4
  1522 | D:2      | Reached XP level 4. HP: 18/21 MP: 5/5
  1705 | D:2      | Found a faded altar of an unknown god.
  1800 | D:2      | Reached *** piety under Trog
  2262 | D:3      | Noticed Grinder
  2268 | D:3      | Paralysed by Grinder for 7 turns
  2273 | D:3      | Slain by Grinder
  2274 | D:3      | Reached XP level 3. HP: -1/17 MP: 4/4
  2304 | D:3      | Found a sparkling altar of Nemelex Xobeh.
  2336 | D:3      | Found a blossoming altar of Fedhas.
  2398 | D:3      | Reached XP level 4. HP: 22/22 MP: 5/5
  2419 | D:3      | Paralysed by Grinder for 6 turns
  2423 | D:3      | Slain by Grinder

Illustrated notes

Levels and vault maps discovered:
D:1:      saegor_arrival_under_anarchy, layout_rooms
D:2:      layout_loops_cross, shapermc_ecumenical_altar_notcrosses,
          chequers_serial_rivers_micro_d, kennysheep_generic_room_5
D:3:      layout_loops_ring, mainiacjoe_overflow_two_lobes,
          mainiacjoe_overflow_paths, gammafunk_temple_overflow_elements,
          kennysheep_generic_room_13, uniq_grinder

Skill      XL: |  1  2  3  4 |
---------------+-------------+-----
Stealth        | 1 2 |  2.6
Unarmed Combat | 4 |  4.2
Fighting       | |  3.6
Dodging        | |  4.9

Action                   |  1- 3 |  4- 6 || total
-------------------------+-------+-------++-------
Melee: Unarmed           |   117 |    39 ||   156
       Bite              |     4 |     6 ||    10
       Punch             |     1 |       ||     1
Invok: Berserk           |     3 |       ||     3
  Use: Scroll            |     2 |     4 ||     6
 Stab: Sleeping          |     5 |       ||     5
Armor: Skin              |     6 |     3 ||     9
Dodge: Dodged            |    89 |    40 ||   129
